 Dungeon Crawl Stone Soup version 0.26-a0-540-g8a0c9464d7 (webtiles) character file.

Game seed: 2247480074281358296

2 HoaS the Ruffian (level 1, -5/12 HPs)
             Began as a Gargoyle Gladiator on Aug 22, 2020.
             Slain by Sigmund
             ... wielding a +0 scythe
              (14 damage)
             ... on level 2 of the Dungeon.
             The game lasted 00:00:37 (95 turns).

HoaS the Ruffian (Gargoyle Gladiator)                 Turns: 95, Time: 00:00:38

Health: -5/12      AC:  6    Str: 17    XL:     1   Next: 40%
Magic:  1/1        EV: 12    Int:  8    God:
Gold:   0          SH:  0    Dex: 11    Spells: 0/0 levels left

rFire    . . .     SeeInvis .     - Unarmed
rCold    . . .     Faith    .   (no shield)
rNeg     + . .     Spirit   .   a - +0 leather armour
rPois    ∞         Reflect  .   b - +0 helmet
rElec    +         Harm     .   (no cloak)
rCorr    +                      (no gloves)
MR       .....                  (no boots)
Stlth    +.........             (no amulet)
HPRegen  0.04/turn              e - ring of resist corrosion
MPRegen  0.07/turn              (no ring)

@: no status effects
A: negative energy resistance 1, electricity resistance, unbreathing,
petrification resistance, rot immunity, AC +2
a: no special abilities


You were on level 2 of the Dungeon.
You visited 1 branch of the dungeon, and saw 2 of its levels.

Inventory:

Missiles
 c - 3 throwing nets (quivered)
Armour
 a - a +0 leather armour (worn)
 b - a +0 helmet (worn)
Jewellery
 e - a ring of resist corrosion (left hand)
Scrolls
 f - a scroll of teleportation
Potions
 d - a potion of heal wounds {unknown}


   Skills:
 - Level 2.1 Fighting
 - Level 1.7 Throwing
 - Level 2.4 Dodging
 + Level 3.2 Unarmed Combat


You couldn't memorise any spells.
You didn't know any spells.
Your spell library was empty.

Dungeon Overview and Level Annotations

Branches:
Dungeon (1/15)

Altars:

Annotations:
D:2 Sigmund


Innate Abilities, Weirdness & Mutations

You are resistant to torment.
Your stone body is resilient. (AC +2)
You are immune to poison.
You resist negative energy. (rN+)
You are resistant to electric shocks. (rElec)
You can survive without breathing.
You are immune to petrification.
You are immune to rotting.


Message History

Sigmund shouts!
Found a cabochon ring and 12 gold pieces.
A quokka comes into view.
Okay, then.
You aren't carrying any items that you can evoke.
e - a ring of resist corrosion (left hand)
The quokka bites you but does no damage.
Sigmund gestures at you while chanting. The magic dart hits you.
You barely miss the quokka. The quokka misses you.
Sigmund mumbles some strange words.
Sigmund flickers and vanishes!
Deactivating autopickup; reactivate with Ctrl-A.
You closely miss the quokka. The quokka closely misses you.
You hit the quokka.
You kill the quokka!
You see here a quokka corpse.
Something hits you!
Ouch! That really hurt!
You die...

#.# #.######
#$.....#.
#.......
#...=.#
#....#
..######....#
.......@†...#
.#######....#
#....# #....#
######


There were no monsters in sight!

Vanquished Creatures
  A bat (D:1)
  A quokka (D:2)
2 creatures vanquished.

Notes
Turn   | Place    | Note
-------+----------+-------------------------------------------
     0 | D:1      | HoaS the Gargoyle Gladiator began the quest for the Orb.
     0 | D:1      | Reached XP level 1. HP: 12/12 MP: 1/1
    88 | D:1      | You fall into a shaft and drop 1 floor!
    88 | D:2      | Noticed Sigmund
    95 | D:2      | Slain by Sigmund

Illustrated notes

Levels and vault maps discovered:
D:1:      dpeg_arrival_simpleton_c, layout_basic
D:2:      layout_rooms, lemuel_blue_sif_altar, grunt_decor_cap, uniq_sigmund

Action                   || total
-------------------------++-------
Melee: Unarmed           ||     5
  Use: Scroll            ||     1
Armor: Leather armour    ||     4
Dodge: Dodged            ||     4

Table legend: (Time is in decaauts)
 A = Elapsed time spent in this place.
 B = Non-inter-level travel time spent in this place.
 C = Inter-level travel time spent in this place.
 D = Time resting spent in this place.
 E = Time spent auto-exploring this place.
 F = Levels seen in this place.
 G = Mean time per level.
                   A        B        C        D        E       F      G
               +--------+--------+--------+--------+--------+-----+--------+
         Total |     93 |     93 |      0 |      0 |     74 |   2 |   46.5 |
       Dungeon |     93 |     93 |      0 |      0 |     74 |   2 |   46.5 |
               +--------+--------+--------+--------+--------+-----+--------+

Top non-repeatable levels by time:
     D:1: 87 daAuts
     D:2: 6 daAuts
